 Dungeon Crawl Stone Soup version 0.31-a0-819-gf6de2f5ab6 (webtiles) character file.

Game seed: 14122923609052818561

156 qw the Shooter (level 5, -4/32 HPs)
             Began as a Gargoyle Hunter on Sept 23, 2023.
             Slain by a black bear (5 damage)
             ... on level 4 of the Dungeon.
             The game lasted 00:01:01 (2307 turns).

qw the Shooter (Gargoyle Hunter)                    Turns: 2307, Time: 00:01:02

Health: -4/32      AC:  9    Str: 13 (15) XL:     5   Next: 37%
Magic:  5/5        EV: 10    Int:  7 (9)  God:
Gold:   148        SH:  0    Dex: 14 (15) Spells: 4/4 levels left

rFire   . . .        Y - +0 shortbow
rCold   . . .        (shield currently unavailable)
rNeg    + . .        h - +0 ring mail
rPois   inf          (no helmet)
rElec   +            (no cloak)
rCorr   .            (no gloves)
SInv    +            (no boots)
Will    .....        (no amulet)
Stlth   +            c - ring of see invisible
HPRegen 0.25/turn    (no ring)
MPRegen 0.09/turn

%: no passive effects
@: about to teleport
A: sickness immunity, AC +4, negative energy resistance 1, electricity
resistance, torment resistance 1, petrification resistance
a: no special abilities


You were on level 4 of the Dungeon.
You visited 1 branch of the dungeon, and saw 4 of its levels.

You collected 148 gold pieces.


Innate Abilities, Weirdness & Mutations

You are immune to sickness and miasma.
Your stone body is resilient. (AC +4)
You are immune to poison.
You resist negative energy. (rN+)
You are resistant to electric shocks. (rElec)
You are resistant to unholy torment.
You are immune to petrification.


   Skills:
 + Level 3.1 Fighting
 - Level 6.0 Ranged Weapons
 - Level 1.0 Armour
 - Level 1.5 Dodging
 - Level 1.1 Stealth


You had 4 spell levels left.
You didn't know any spells.
Your spell library was empty.

Inventory:

Hand Weapons
 Y - a +0 shortbow (weapon)
Armour
 h - a +0 ring mail (worn)
Jewellery
 c - a ring of see invisible (left hand)
Scrolls
 e - a scroll of identify
Potions
 b - a potion of heal wounds
 d - a potion of lignification {unknown}
 f - a potion of invisibility {unknown}
 g - 2 potions of curing

Dungeon Overview and Level Annotations

Branches:
Dungeon (4/15)
 Temple: D:4-7

Altars:


Message History

You shoot an arrow. The arrow barely misses the black bear.
The black bear bites you.
The black bear claws you but does no damage.
The black bear claws you.
You shoot an arrow. The arrow hits the black bear.
The black bear is heavily wounded.
The black bear completely misses you.
The black bear claws you but does no damage.
The black bear barely misses you.
You shoot an arrow. The arrow hits the black bear.
The black bear is severely wounded.
The black bear bites you but does no damage.
The black bear completely misses you.
The black bear claws you but does no damage.
You shoot an arrow. The arrow hits the black bear.
The black bear is severely wounded.
The black bear bites you. The black bear claws you. x2
You shoot an arrow. The arrow hits the black bear.
The black bear is almost dead.
The black bear goes berserk!
The black bear bites you. The black bear claws you.
The black bear claws you but does no damage.
You shoot an arrow.
The arrow hits the black bear but does no damage.
The black bear is almost dead.
The black bear bites you.
The black bear claws you but does no damage.
The black bear claws you.
You shoot an arrow. The arrow hits the black bear.
The black bear is almost dead.
The black bear closely misses you.
The black bear claws you but does no damage.
The black bear barely misses you. The black bear bites you!
The black bear claws you. The black bear misses you.
2307 ||| READING scroll of teleportation.
As you read the scroll of teleportation, it crumbles to dust.
You feel strangely unstable. The black bear closely misses you.
The black bear claws you but does no damage. x2
The black bear bites you.
You die... ########## #......@.# #.######h# .# .# .# .# .# .#

You could see a black bear (berserk).

Vanquished Creatures
  3 gnolls (D:3)
  5 adders
  3 worms
  A dart slug (D:2)
  7 ball pythons
  10 endoplasms
  3 giant cockroaches
  6 goblins
  6 hobgoblins
  4 jackals
  2 quokkas
  6 bats
  2 frilled lizards
  3 kobolds
  9 rats
70 creatures vanquished.

Notes
Turn   | Place    | Note
-------+----------+-------------------------------------------
     0 | D:1      | qw the Gargoyle Hunter began the quest for the Orb.
     0 | D:1      | Reached XP level 1. HP: 12/12 MP: 1/1
     0 | D:1      | 0 ||| qw: Version: 0.3-a-83-gcd0e7d8
     0 | D:1      | 0 ||| qw: Game counter: 1415
     0 | D:1      | 0 ||| qw: Melee chars always use a shield: true
     0 | D:1      | 0 ||| qw: God list: Okawaru
     0 | D:1      | 0 ||| qw: Allow faded altars: false
     0 | D:1      | 0 ||| qw: Do Orc after clearing Dungeon:15 true
     0 | D:1      | 0 ||| qw: Do second Lair branch before Depths: true
     0 | D:1      | 0 ||| qw: Lair rune preference: random
     0 | D:1      | 0 ||| qw: Goals: Normal
     0 | D:1      | 0 ||| PLANNING D:1-11
   105 | D:1      | Reached XP level 2. HP: 17/17 MP: 2/2
   391 | D:1      | Reached XP level 3. HP: 21/21 MP: 3/3
   419 | D:1      | Reached skill level 5 in Ranged Weapons
   587 | D:1      | 587 ||| UPGRADING to +0 ring mail.
   597 | D:1      | 597 ||| DROPPING +0 leather armour.
   598 | D:1      | 598 ||| READING 2 scrolls labelled IPIYSYTH QAKA.
   599 | D:1      | 599 ||| READING scroll labelled EPOBIA QOADONT.
   600 | D:1      | 600 ||| READING 2 scrolls labelled VOGIDI QEURY.
   603 | D:1      | 603 ||| READING scroll labelled IRE ATUZUASI.
   604 | D:1      | 604 ||| DROPPING scroll of fear.
   605 | D:1      | 605 ||| DROPPING scroll of butterflies.
   617 | D:2      | 617 ||| STAIRDANCE
   635 | D:1      | Reached skill level 1 in Armour
   690 | D:2      | 690 ||| STAIRDANCE
   696 | D:1      | HP: 4/22 [frozen (2)]
   697 | D:1      | 697 ||| READING scroll of teleportation.
   904 | D:2      | Reached skill level 3 in Fighting
   904 | D:2      | Reached XP level 4. HP: 25/28 MP: 4/4
  1041 | D:2      | HP: 6/28 [frozen (5)]
  1393 | D:2      | Identified the +8 dagger "String" {heavy, rF+ Int+2}
  1400 | D:2      | 1400 ||| UPGRADING to ring of see invisible.
  1401 | D:2      | 1401 ||| READING scroll labelled ZIRCHE JUOPE.
  1402 | D:2      | 1402 ||| READING 2 scrolls labelled VAMPUNK FAEXO.
  1403 | D:2      | 1403 ||| DRINKING 2 golden potions.
  1404 | D:2      | 1404 ||| DRINKING 2 bubbling purple potions.
  1646 | D:3      | Reached XP level 5. HP: 28/32 MP: 5/5
  2127 | D:3      | Reached skill level 6 in Ranged Weapons
  2235 | D:3      | 2235 ||| READING 2 scrolls labelled ZOUTHRA BIURES.
  2236 | D:3      | 2236 ||| DRINKING 2 lumpy yellow potions.
  2237 | D:3      | 2237 ||| DROPPING scroll of immolation.
  2238 | D:3      | 2238 ||| DROPPING potion of degeneration.
  2294 | D:4      | Noticed a black bear
  2306 | D:4      | HP: 4/32 [black bear (8)]
  2306 | D:4      | HP: 1/32 [black bear (3)]
  2307 | D:4      | 2307 ||| READING scroll of teleportation.
  2307 | D:4      | Slain by a black bear

Levels and vault maps discovered:
D:1:      dpeg_arrival_prison, layout_basic, chequers_mini_garden,
          minmay_indecisive_spiral
D:2:      layout_basic, minmay_misc_feat_nine_boxes,
          chequers_serial_rivers_small_3
D:3:      layout_loops_corners
D:4:      layout_basic, minmay_joined_circles

Skill      XL: |  1  2  3  4  5 |
---------------+----------------+-----
Ranged Weapons | 5 6 |  6.0
Armour         | 1 |  1.0
Fighting       | 3 |  3.1
Dodging        | |  1.5
Stealth        | |  1.1

Action                     |  1- 3 |  4- 6 || total
---------------------------+-------+-------++-------
   Fire: Shortbow          |   143 |   114 ||   257
    Use: Scroll            |     5 |     4 ||     9
         Potion            |       |     3 ||     3
 Armour: Leather armour    |    27 |       ||    27
         Ring mail         |    70 |    72 ||   142
  Dodge: Dodged            |    68 |    52 ||   120

Table legend:
 A = Non-vault XP
 B = Vault XP
 C = Vault XP percentage of total XP
 D = Non-vault monster count
 E = Vault monster count
 F = Vault count percentage of total count
                 A         B        C        D         E       F
            +---------+---------+-------+---------+---------+-------
      Total |     214 |       9 |   4.0 |      64 |       6 |   8.6
            +---------+---------+-------+---------+---------+-------
        D:1 |      57 |       9 |  13.6 |      28 |       6 |  17.6
        D:2 |      72 |       0 |   0.0 |      24 |       0 |   0.0
        D:3 |      85 |       0 |   0.0 |      12 |       0 |   0.0
            +---------+---------+-------+---------+---------+-------
